 Dungeon Crawl Stone Soup version 0.26-a0-962-g9b92081034 (webtiles) character file.

Game seed: 11330521321105736077

5 Dracia the Covered (level 1, 15/15 HPs)
             Began as a Demonspawn Wanderer on Dec 2, 2020.
             Got out of the dungeon alive.
             The game lasted 00:00:40 (119 turns).

Dracia the Covered (Demonspawn Wanderer)             Turns: 119, Time: 00:00:41

Health: 15/15      AC:  8    Str: 11    XL:     1   Next: 66%
Magic:  2/2        EV:  8    Int: 14    God:
Gold:   17         SH:  0    Dex: 12    Spells: 2/2 levels left

rFire    . . .     SeeInvis .   a - +0 mace
rCold    . . .     Faith    .   (no shield)
rNeg     . . .     Spirit   .   b - +2 scale mail
rPois    .         Reflect  .   (no helmet)
rElec    .         Harm     .   (no cloak)
rCorr    .         Rampage  .   (no gloves)
MR       .....                  (no boots)
Stlth    ..........             (no amulet)
HPRegen  0.05/turn              (no ring)
MPRegen  0.08/turn              (no ring)

@: no status effects
A: no striking features
a: no special abilities


You escaped.
You visited 1 branch of the dungeon, and saw 1 of its levels.

You collected 17 gold pieces.


   Skills:
 - Level 1.0 Fighting
 - Level 1.0 Crossbows
 - Level 1.0 Throwing
 + Level 2.8 Armour
 + Level 1.2 Spellcasting
 - Level 1.7 Air Magic
 + Level 1.2 Evocations


You had 2 spell levels left.
You didn't know any spells.
Your spell library contained the following spells:

 Spells                   Type           Power        Failure   Level
 Swiftness                Air            #.......     71%         2
 Poisonous Vapours        Pois/Air       #.....       83%         2

Inventory:

Hand Weapons
 a - a +0 mace (weapon)
Armour
 b - a +2 scale mail (worn)
Scrolls
 e - a scroll of amnesia {unknown}
Potions
 c - a potion of attraction {unknown}
 d - a potion of brilliance {unknown}

Dungeon Overview and Level Annotations

Branches:
Dungeon (1/15)

Altars:

#...#.##.....##....
#.#.#.##.....######
#...#........#
#.#.#........# #
#...#....((... #
######.#.######....
#
#.............#....
.. #.............#
.. #......@......#
.. #.............#
.. #.............#
###############


There were no monsters in sight!


Message History

The dart slug launches a dart at you. The slug dart hits you.
You sock the dart slug!
You kill the dart slug!
No target in view!
No target in view!
HP restored.
Found a hand axe.
Found 31 stones.
You now have 17 gold pieces.
Found a scroll labelled JOVOIPPAREDGH.
You see here a hand axe.
e - a scroll labelled JOVOIPPAREDGH A giant cockroach comes into view.
The giant cockroach moves out of view.
A giant cockroach is nearby!
Saving game... please wait.
Lua error: /dgldir/rcfiles/crawl-git/Dracia.rc:909: unexpected symbol near '}' Options error: Bad object type '%}|' for autopickup. (~/.crawlrc:2054) Welcome back, Dracia the Demonspawn Wanderer.
Press ? for a list of commands and other information.
The giant cockroach bites you but does no damage.
Found 15 gold pieces.
You hit the giant cockroach.
You kill the giant cockroach!
No target in view!
You see here a dart slug corpse.
There is a staircase leading out of the dungeon here.
Are you sure you want to leave the Dungeon?
This will make you lose the game!
You have escaped!

Action                   || total
-------------------------++-------
Melee: Mace              ||     7
Armor: Scale mail        ||     2
Dodge: Dodged            ||     3

Levels and vault maps discovered:
D:1:      lemuel_arrival_hallway, layout_rooms, st_stairs_9

Notes
Turn   | Place    | Note
-------+----------+-------------------------------------------
     0 | D:1      | Dracia the Demonspawn Wanderer began the quest for the Orb.
     0 | D:1      | Dracia set off with the following items: a +0 mace, a +2
                  | scale mail; and the following spells available to memorise:
                  | Swiftness, Poisonous Vapours
     0 | D:1      | Reached XP level 1. HP: 15/15 MP: 2/2
   119 | D:$      | Got out of the dungeon alive.

Vanquished Creatures
  A dart slug (D:1)
  A giant cockroach (D:1)
  A kobold (D:1)
3 creatures vanquished.

Table legend: (Time is in decaauts)
 A = Elapsed time spent in this place.
 B = Non-inter-level travel time spent in this place.
 C = Inter-level travel time spent in this place.
 D = Time resting spent in this place.
 E = Time spent auto-exploring this place.
 F = Levels seen in this place.
 G = Mean time per level.
                   A        B        C        D        E       F      G
               +--------+--------+--------+--------+--------+-----+--------+
         Total |    121 |     84 |     37 |      0 |     62 |   1 |  121.0 |
       Dungeon |    121 |     84 |     37 |      0 |     62 |   1 |  121.0 |
               +--------+--------+--------+--------+--------+-----+--------+

Top non-repeatable levels by time:
     D:1: 121 daAuts

Table legend:
 A = Non-vault XP
 B = Vault XP
 C = Vault XP percentage of total XP
 D = Non-vault monster count
 E = Vault monster count
 F = Vault count percentage of total count
                 A         B        C        D         E       F
            +---------+---------+-------+---------+---------+-------
      Total |       8 |       0 |   0.0 |       3 |       0 |   0.0
            +---------+---------+-------+---------+---------+-------
        D:1 |       8 |       0 |   0.0 |       3 |       0 |   0.0
            +---------+---------+-------+---------+---------+-------
